 Dungeon Crawl Stone Soup version 0.27-a0-1101-ge311f74bc8 (webtiles) character file.

Game seed: 3282695876593848413

1334 robertstho the Thaumaturge (level 8, -1/52 HPs)
             Began as a Djinni Conjurer on Apr 28, 2021.
             Killed from afar by a white imp (16 damage)
             ... with a puff of frost
             ... on level 6 of the Dungeon.
             The game lasted 00:10:40 (6869 turns).

robertstho the Thaumaturge (Djinni Conjurer)        Turns: 6869, Time: 00:10:40

Health: -1/52      AC:  4    Str:  6    XL:     8   Next: 61%
Gold:   59         EV: 13    Int: 23    God:
                   SH:  0    Dex: 13

rFire    + + .     SeeInvis .   k - +2 dagger (pain)
rCold    x . .     Faith    .   (no shield)
rNeg     . . .     Spirit   .   a - +0 robe
rPois    ∞         Reflect  .   (no helmet)
rElec    .         Harm     .   r - +0 cloak
rCorr    +         Rampage  .   m - +0 pair of gloves
Will     .....                  (boots unavailable)
Stlth    ++........             (no amulet)
HPRegen  0.17/turn              e - ring of resist corrosion
MPRegen  0.00/turn              (no ring)

@: flying
A: fire resistance 2, cold vulnerability 1, float, innate caster, hp casting,
extra vitality 1, agile 1, MP-powered wands
a: no special abilities


You were on level 6 of the Dungeon.
You visited 1 branch of the dungeon, and saw 6 of its levels.

You collected 224 gold pieces.
You spent 165 gold pieces at shops.

Inventory:

Hand Weapons
 b - a +0 short sword
 k - a +2 dagger of pain (weapon)
Armour
 a - a +0 robe (worn)
 m - a +0 pair of gloves (worn)
 r - a +0 cloak (worn)
Jewellery
 e - a ring of resist corrosion (left hand)
Wands
 n - a wand of acid (7)
Scrolls
 d - 3 scrolls of identify {unknown}
 f - a scroll of enchant armour {unknown}
 h - a scroll of teleportation {unknown}
 l - a scroll of brand weapon {unknown}
 o - a scroll of magic mapping {unknown}
 p - a scroll of enchant weapon {unknown}
 q - 3 scrolls of immolation {unknown}
Potions
 c - a potion of flight {unknown}
 g - a potion of might {unknown}
 i - 2 potions of brilliance
 j - 3 potions of curing
 s - a potion of heal wounds
 t - 2 potions of attraction


   Skills:
 + Level 1.4 Fighting
 + Level 3.5 Dodging
 + Level 3.9 Stealth
 + Level 8.3 Spellcasting


You had 3 spell levels left.
You knew the following spells:

 Your Spells              Type           Power      Damage    Failure   Level
a - Magic Dart            Conj           100%       1d8       1%          1
b - Searing Ray           Conj           96%        3d7       1%          2
c - Dazzling Flash        Conj/Hex       96%        N/A       1%          3
d - Fulminant Prism       Conj/Hex       24%        3d13      2%          4
e - Iskenderun's Mystic   Conj/Tloc      48%        2d11      2%          4
f - Sting                 Tmut/Pois      100%       1d8       1%          1
g - Call Imp              Summ           48%        N/A       1%          2
h - Stone Arrow           Conj/Erth      96%        3d13      1%          3
Your spell library was empty.

Dungeon Overview and Level Annotations

Branches:
Dungeon (7/15)
 Temple: D:4-7

Altars:
Cheibriados
Hepliaklqana
Makhleb
Okawaru
Qazlal
Xom
The Shining One

Shops:
D:4 !


Innate Abilities, Weirdness & Mutations

You are immune to poison.
Your flesh is very heat resistant. (rF++)
You are vulnerable to cold. (rC-)
You float through the air rather than walking.
You learn spells naturally, not from books.
Your magical power is your life essence.
You have superior vitality. (+4 HP)
You are agile. (Dex +2)
You expend health (3 HP) to strengthen your wands.


Message History

(Press . to maintain the ray.) Unknown command.
The searing ray hits the centaur skeleton!
You destroy the centaur skeleton!
A white imp comes into view.
The white imp gestures at you. The puff of frost misses you.
Unknown command.
Casting: Searing Ray (safe; 1% risk of failure)
Confirm with . or Enter, or press ? or * to list all spells.
Aiming: Searing Ray (safe; 1% risk of failure)
Press: ? - help, Shift-Dir - straight line, f - water moccasin
Aim: a water moccasin (70% to hit)
The searing ray hits the water moccasin!
The water moccasin is moderately wounded. (Press . to maintain the ray.)
The white imp gestures at you. The puff of frost misses you.
The searing ray hits the water moccasin!
The water moccasin is heavily wounded.
The water moccasin completely misses you.
The searing ray hits the water moccasin!
The water moccasin is almost dead.
The water moccasin bites you!
The searing ray hits the water moccasin!
You kill the water moccasin!
You finish channeling your searing ray.
Unknown command.
Casting: Searing Ray (safe; 1% risk of failure)
Confirm with . or Enter, or press ? or * to list all spells.
Aiming: Searing Ray (safe; 1% risk of failure)
Press: ? - help, Shift-Dir - straight line, f - white imp
Aim: a white imp (83% to hit)
The searing ray hits the white imp!
The white imp is almost dead. (Press . to maintain the ray.)
* * * LOW HITPOINT WARNING * * *
The white imp gestures at you. The puff of frost hits you!
You feel a terrible chill!
You die...

#.# .. # .. .# #####
. ... ###.....
.#.... ##.####...#
#....
#...5@..#######))#..
#..#####..)..).)#..#
... #(..........# .
###.......<.###
#.........###
#.#....>..#
#..######### #..
...#


You could see a white imp.

Vanquished Creatures
  Sigmund (D:4)
  A wyvern (D:7)
  A water moccasin (D:6)
  An orc warrior (D:7)
  An ice beast (D:4)
  A necrophage (D:4)
  A phantom (D:4)
  A bullfrog (D:7)
  A scorpion (D:4)
  A hound (D:4)
  A jelly (D:7)
  A centaur skeleton (D:6)
  A gnoll shaman (D:6)
  Terence (D:2)
  An iguana (D:4)
  3 orc wizards
  9 gnolls
  A howler monkey skeleton (D:4)
  5 adders
  3 worms
  3 dart slugs
  8 orcs
  12 endoplasms
  2 giant cockroaches
  6 goblins
  8 hobgoblins
  2 jackals (D:4)
  7 kobolds
  2 quokkas
  7 ball pythons
  4 bats
  2 frilled lizards
  5 rats
104 creatures vanquished.

Vanquished Creatures (others)
  6 fulminant prisms (D:6)
6 creatures vanquished.

Grand Total: 110 creatures vanquished

Notes
Turn   | Place    | Note
-------+----------+-------------------------------------------
     0 | D:1      | robertstho the Djinni Conjurer began the quest for the Orb.
     0 | D:1      | Reached XP level 1. HP: 15/15 MP: 0/0
   292 | D:1      | Reached skill level 4 in Spellcasting
   292 | D:1      | Reached XP level 2. HP: 12/21 MP: 0/0
   643 | D:1      | Found a faded altar of an unknown god.
   674 | D:1      | Reached XP level 3. HP: 23/25 MP: 0/0
   674 | D:1      | Learned a level 1 spell: Sting
  1627 | D:2      | Reached XP level 4. HP: 20/31 MP: 0/0
  2004 | D:2      | Reached skill level 5 in Spellcasting
  2487 | D:2      | Noticed Terence
  2494 | D:2      | Killed Terence
  2495 | D:2      | Reached XP level 5. HP: 15/35 MP: 0/0
  2495 | D:2      | Learned a level 2 spell: Call Imp
  3285 | D:3      | Found a shimmering altar of Xom.
  3935 | D:3      | Found a glowing golden altar of the Shining One.
  3935 | D:3      | Found a snail-covered altar of Cheibriados.
  3975 | D:4      | Noticed a phantom
  3984 | D:4      | Gained mutation: You are agile. (Dex +2) [potion of
                  | mutation]
  3984 | D:4      | Gained mutation: You expend health (3 HP) to strengthen
                  | your wands. [potion of mutation]
  4023 | D:3      | Found a burning altar of Makhleb.
  4023 | D:3      | Found a hazy altar of Hepliaklqana.
  4023 | D:3      | Found an iron altar of Okawaru.
  4292 | D:4      | Noticed Sigmund
  4298 | D:4      | Killed Sigmund
  4299 | D:4      | Reached skill level 6 in Spellcasting
  4299 | D:4      | Reached XP level 6. HP: 36/41 MP: 0/0
  4591 | D:4      | Noticed an ice beast
  4603 | D:4      | Killed an ice beast
  4604 | D:4      | Reached XP level 7. HP: 17/46 MP: 0/0
  4604 | D:4      | Learned a level 3 spell: Stone Arrow
  5044 | D:4      | Reached skill level 1 in Fighting
  5044 | D:4      | Reached skill level 7 in Spellcasting
  5224 | D:4      | Found Codes's Distillery.
  5230 | D:4      | Found a stormy altar of Qazlal.
  5248 | D:4      | Bought a potion of heal wounds for 55 gold pieces
  5248 | D:4      | Bought a potion of brilliance for 44 gold pieces
  5248 | D:4      | Bought a potion of curing for 33 gold pieces
  5248 | D:4      | Bought a potion of attraction for 33 gold pieces
  5264 | D:4      | You are sucked into a shaft and drop 3 floors!
  5277 | D:7      | Noticed a wyvern
  5295 | D:7      | Killed a wyvern
  5296 | D:7      | Reached XP level 8. HP: 35/52 MP: 0/0
  6848 | D:6      | Reached skill level 8 in Spellcasting
  6869 | D:6      | Killed from afar by a white imp

Illustrated notes

Levels and vault maps discovered:
D:1:      matt_arrival_los_fun, layout_basic, hellmonk_ecumenical_altar_zigzags
D:2:      layout_loops_ring, kennysheep_generic_room_7, uniq_terence
D:3:      layout_loops_ring, nicolae_overflow_hidden_temple,
          general_overflow_altar
D:4:      layout_basic, nicolae_overflow_crystal_walls, serial_shops, shop,
          serial_glass, glass_columns_b, glass_columns_a, glass_columns_b,
          glass_columns_b, glass_columns_c, glass_columns_b, glass_columns_a,
          glass_columns_a, glass_columns_a, glass_columns_a, glass_columns_b,
          glass_columns_a, glass_columns_b, glass_columns_a, uniq_sigmund
D:6:      layout_rooms
D:7:      layout_layer_cave

Skill      XL: |  1  2  3  4  5  6  7  8 |
---------------+-------------------------+-----
Spellcasting   | 4 5 6 7 8 |  8.3
Stealth        | 2 3 |  3.9
Dodging        | 3 |  3.5
Fighting       | 1 |  1.4

Action                   |  1- 3 |  4- 6 |  7- 9 || total
-------------------------+-------+-------+-------++-------
 Cast: Magic Dart        |    70 |   107 |     4 ||   181
       Searing Ray       |       |    10 |    23 ||    33
       Call Imp          |       |       |     3 ||     3
       Fulminant Prism   |       |       |     6 ||     6
  Use: Potion            |       |     2 |       ||     2
       Scroll            |       |       |     2 ||     2
Armor: Robe              |     1 |     6 |     5 ||    12
Dodge: Dodged            |    13 |    18 |    15 ||    46

Table legend: (Time is in decaauts)
 A = Elapsed time spent in this place.
 B = Non-inter-level travel time spent in this place.
 C = Inter-level travel time spent in this place.
 D = Time resting spent in this place.
 E = Time spent auto-exploring this place.
 F = Levels seen in this place.
 G = Mean time per level.
                   A        B        C        D        E       F      G
               +--------+--------+--------+--------+--------+-----+--------+
         Total |   6852 |   6726 |    126 |   1276 |   4876 |   6 | 1142.0 |
       Dungeon |   6852 |   6726 |    126 |   1276 |   4876 |   6 | 1142.0 |
               +--------+--------+--------+--------+--------+-----+--------+

Top non-repeatable levels by time:
     D:1: 1770 daAuts
     D:7: 1546 daAuts
     D:2: 1342 daAuts
     D:4: 1070 daAuts
     D:3: 1063 daAuts
     D:6: 59 daAuts
